← All builds
Front / Armada / Economy first / OBSERVED BUILD

Gauntlet defence

Armada Front build order · Supreme Isthmus

Economy-first start that commits early to a Gauntlet around 5:30 for static area-control defence at the front, well ahead of the usual time, holding the middle while eco continues behind it.

#defence #artillery · 114 distinct matches · 54 players · 6% of Armada Front games · team won 54% of 117 · Recently observed

THE CATCH, AND WHAT COMES WITH IT
  • GauntletEarly defence from 5:27 · 9% of role by thenOnly 9% of Front games have it by then; others who build it get it around 11:11

Where those units first fight, in 102 games with kill data: in the middle 100%.

Those units destroy a typical 600 metal of enemy units by 15:00.

Then transitions into blitz (13% of army), rocketeer (11% of army), Rattlesnake (8% of army).

HOW TO PLAY IT

Key timing: Gauntlet by 5:30

  1. Open 3 mex into wind and a vehicle plant, economy first as usual.
  2. Add radar and early defence (Sentry, Beamer) toward the coast gap.
  3. Commit to a Gauntlet well ahead of schedule to anchor a forward line.
  4. Reinforce the line with Blitz and Rocketeer around the Gauntlet.
  5. Upgrade mex to advanced and transition into the normal t1 mix.

Phase by phase

TYPICAL OF ITS 114 GAMES · AGAINST STANDARD FRONT
  1. 1
  2. 2
  3. 3
PLAY THE OPENING

Follow the example game's first 6:27 step by step: what to build now, what comes next, and where it goes. At 1× it keeps pace with your own game.

  1. 1

    Up to the Bot Lab

    Economy
    • Metal Extractor2Mex
    • Wind Turbine1Wind
    Order
    1. Bot LabBot Lab after 3 mex, 1 winddone ~0:45, middle half 0:39–8:37

    Some games also: Vehicle Plant (39%)

    By 0:28 in all: 2 mex · 1 wind

    The example game in this phase · 2 steps
    1. Mex ×2
    2. Wind ×2
  2. 2

    Bot Lab to Early defence

    Economy
    • Metal Extractor4Mex
    • Wind Turbine4Wind−2 vs standard
    Order
    1. GauntletEarly defence after 6 mex, 6 wind, 1 con turretdone ~6:30, middle half 6:00–7:03
    Builders
    • Construction Bot2 Con bot +2 vs standard
    Army
    • Sentry1 Sentry

    Some games also: rocketeer (49%) · tick (47%) · Lazarus (44%) · con turret (44%) · Radar Tower (41%)

    The standard build makes here, this one skips: 2 con vehicle · 3 janus

    By 5:27 in all: 6 mex · 7 wind · 1 con turret

    The example game in this phase · 29 steps
    1. Vehicle PlantVehicle Plantdone 0:48 · typical 0:47
    2. RoverScout ×2
    3. Construction VehicleCon vehicle
    4. Mex
    5. JanusJanus
    6. Construction VehicleCon vehicle
    7. Mex
    8. JanusJanus ×2
    9. Mex
    10. RoverScout
    11. Construction VehicleCon vehicle
    12. Mex
    13. Construction VehicleCon vehicle
    14. SentrySentry
    15. RoverScout
    16. Construction VehicleCon vehicle
    17. Con turret
    18. ShellshockerArty
    19. Dragon's TeethDragon's Teeth ×3
    20. ShellshockerArty
    21. Dragon's TeethDragon's Teeth ×2
    22. ShellshockerArty
    23. Dragon's TeethDragon's Teeth ×4
    24. ShellshockerArty ×2
    25. BeamerBeamer
    26. Construction VehicleCon vehicle
    27. BeamerBeamer
    28. Radar TowerRadar Tower
    29. GauntletGauntletnot finished by 15:00 · typical 6:30
  3. 3

    Early defence to 10:00

    Economy
    • Metal Extractor1Mex
    • Wind Turbine16Wind
    Builders
    • Construction Turret2 Con turret

    Some games also: Dragon's Teeth (46%) · energy storage (45%) · Beamer (45%) · Sentry (39%) · converter (36%) · eat Vehicle Plant (32%)

    The standard build makes here, this one skips: 2 blitz

    By 10:00 in all: 7 mex · 26 wind · 1 energy storage · 4 con turret

    The example game in this phase · 76 steps
    1. Wind ×8
    2. BlitzBlitz
    3. Wind ×2
    4. BlitzBlitz
    5. Wind
    6. BlitzBlitz
    7. Wind
    8. BlitzBlitz
    9. Wind
    10. BlitzBlitz
    11. Energy storage
    12. BlitzBlitz
    13. Construction VehicleCon vehicle ×2
    14. Wind
    15. Construction VehicleCon vehicle
    16. Wind
    17. Mex
    18. Wind
    19. Construction VehicleCon vehicle
    20. Radar TowerRadar Tower
    21. Wind
    22. BlitzBlitz
    23. Wind
    24. BlitzBlitz
    25. Wind
    26. BlitzBlitz
    27. BeamerBeamer
    28. BlitzBlitz
    29. Wind
    30. BlitzBlitz
    31. Wind
    32. BlitzBlitz
    33. Wind
    34. BeamerBeamer
    35. BlitzBlitz ×2
    36. Wind
    37. BlitzBlitz
    38. Wind
    39. BlitzBlitz
    40. Mex
    41. BlitzBlitz
    42. Wind
    43. Con turret
    44. BeamerBeamer
    45. Wind ×3
    46. Con turret
    47. BeamerBeamer
    48. Wind ×2
    49. Con turret
    50. Wind
    51. Con turret
    52. Vehicle PlantEat Vehicle Plantreclaimed for its metal
    53. Con turret ×2
    54. Wind ×9
    55. Converter
    56. Wind ×4
    57. BeamerBeamer
    58. Wind ×6
    59. Converter
    60. BeamerBeamer
    61. Wind ×7
    62. Mex
    63. Wind ×3
    64. Converter
    65. Wind
    66. Converter
    67. Wind ×5
    68. Converter
    69. Wind ×4
    70. Converter ×2
    71. Wind ×4
    72. Vehicle PlantVehicle Plantdone 14:59
    73. Wind ×4
    74. Converter
    75. Wind ×3
    76. GroundhogGroundhog

Counts are medians over the build's games: half of them build more, half fewer. The example game is krtf's (48 OS, 07/10/2026); pick another.

Team trades

IN AT LEAST 30% OF ITS GAMES

You hand over

Nothing regular.

You get

  • Tidal Generator4 Tidal from Pondfirst at 0:18 · in 73% of games
  • Advanced Construction Bot1 T2 con bot from Geo or Techfirst at 7:13 · in 66% of games

How it plays out

Typical game of this build against the role’s standard build, running totals by minute

  • This build
  • Standard front

Metal produced

010k20k30k
0:005:0010:0015:00

metal

Enemy metal destroyed

05k10k
0:005:0010:0015:00

metal

Own metal lost

05k10k
0:005:0010:0015:00

metal

117 games.

Show as table
ByMetal produced: This buildMetal produced: Standard frontEnemy metal destroyed: This buildEnemy metal destroyed: Standard frontOwn metal lost: This buildOwn metal lost: Standard front
1:003333330000
2:0086084426213131
3:0016531621129143106105
4:0027252709409545312333
5:00391138558361200614813
6:00518550601453208011131512
7:00634962991998294118572450
8:00763476242719378025513332
9:00906290603589460931554251
10:0010919106614045524339754952
11:0013268125914574574647745677
12:0015966147745287630557256491
13:0018610173765781690666507192
14:0022005200896594756378328079
15:0025153226567101829589338940
WHAT THE NUMBERS SAY

Won less often than the standard build, with lower kills despite better own metal production.

  • + Metal production by 15:00 ahead of standard (25351 vs 22714).
  • + Own metal lost by 15:00 close to standard despite early defensive commitment (8868 vs 8944).
  • − Team win rate only 58% vs 63% for standard build.
  • − Enemy metal destroyed by 15:00 clearly lower (7050 vs 8365).
THE EXAMPLE YOU ARE READING

krtf

48.4 OS · 07/10/2026

Open source match ↗

7 received units
1083 metal received · 14278 energy received

Allied construction assistance is unknown. Timings are observations, not a promise of solo reproducibility.

Typical milestones

Bot Lab0:45Middle 50%: 0:39–8:37 · n=80
Vehicle Plant0:47Middle 50%: 0:42–0:53 · n=71
Gauntlet6:30Middle 50%: 6:00–7:03 · n=97
Advanced Metal Extractor8:58Middle 50%: 8:12–10:14 · n=94

Played most by

Leohvm14games of this buildDRM8games of this buildGodmother135games of this buildJustSomeGuy5games of this buildIcouldbeToxic4games of this build